 Dungeon Crawl Stone Soup version 0.31-a0-986-g5e6e4ef867 (webtiles) character file.

Game seed: 15903039247546763363

4596 Forgeling the Skirmisher (level 10, -1/79 HPs)
             Began as a Gnoll Hunter on Nov 22, 2023.
             Was a Follower of Cheibriados.
             Slain by a shadow (28 damage)
             ... on level 8 of the Dungeon on Nov 23, 2023.
             The game lasted 00:31:13 (10500 turns).

Forgeling the Skirmisher (Gnoll Hunter)            Turns: 10500, Time: 00:31:14

Health: -1/79      AC: 11    Str: 13    XL:     10   Next: 41%
Magic:  0/27       EV: 21    Int: 11    God:    Cheibriados [*.....]
Gold:   388        SH:  0    Dex: 21    Spells: 5/19 levels left

rFire   . . .        b - +1 mace (holy)
rCold   . . .        (no shield)
rNeg    . . .        e - +0 acid dragon scales
rPois   .            f - +0 helmet
rElec   .            v - +0 cloak
rCorr   +            p - +0 pair of gloves
SInv    .            (no boots)
Will    .....        y - amulet of guardian spirit
Stlth   +++          g - +5 ring of evasion
HPRegen 0.33/turn    r - ring of magical power
MPRegen 0.20/turn

%: guardian spirit
@: about to teleport, very slightly contaminated, very slow
A: fangs 1, strong nose, distributed training, no potion heal 1, subdued magic 1
a: Renounce Religion, Bend Time


You were on level 8 of the Dungeon.
You worshipped Cheibriados.
Cheibriados was aware of your devotion.
You visited 2 branches of the dungeon, and saw 10 of its levels.

You collected 388 gold pieces.

Inventory:

Hand Weapons
 a - a +1 shortbow
 b - a +1 mace of holy wrath (weapon)
 k - a +1 heavy sling
 C - a +0 whip
Missiles
 l - 10 boomerangs
 t - 10 poisoned darts
 u - a throwing net
Armour
 e - +0 acid dragon scales (worn)
 f - a +0 helmet (worn)
 p - a +0 pair of gloves (worn)
 v - a +0 cloak (worn)
Magical Staves
 c - the staff of the Shining Light {rPois rC+++ rN+ Int-4 Dex-4 Necro}
   (You took it off an orc priest on level 6 of the Dungeon)

   [staff of death]

   Base accuracy: +5 Base damage: 5 Base attack delay: 1.2 This weapon's minimum
   attack delay (0.6) is reached at skill level 12.
   Int-4:     It affects your intelligence (-4).
   Dex-4:     It affects your dexterity (-4).
   rC+++:     It renders you almost immune to cold.
   rPois:     It protects you from poison rN+: It protects you from negative
   energy.
   Necro:     It increases the power of your Necromancy spells.
   It falls into the 'Staves' category.
   It is a one-handed weapon.
Jewellery
 g - a +5 ring of evasion (left hand)
 i - a ring of protection from fire
 r - a ring of magical power (right hand)
 y - an amulet of guardian spirit (around neck)
Wands
 d - a wand of digging (9)
Scrolls
 h - a scroll of enchant weapon
 m - 2 scrolls of amnesia {unknown}
 n - a scroll of summoning {unknown}
 o - 2 scrolls of poison {unknown}
 s - 2 scrolls of vulnerability {unknown}
 w - 2 scrolls of immolation {unknown}
 x - a scroll of fog {unknown}
 D - a scroll of blinking
 O - a scroll of silence
 S - a scroll of butterflies
 X - 2 scrolls of revelation {@r4}
 Y - a scroll of teleportation {@r3}
Potions
 j - a potion of ambrosia {unknown}
 q - a potion of resistance {unknown}
 z - a potion of enlightenment
 A - a potion of attraction
 B - a potion of might {unknown}
 J - 3 potions of curing {@q1}
 U - 2 potions of mutation


   Skills:
 + Level 7.1 Fighting
 + Level 5.3 Short Blades
 + Level 5.3 Long Blades
 + Level 5.3 Axes
 + Level 5.3 Maces & Flails
 + Level 5.3 Polearms
 + Level 5.3 Staves
 + Level 10.1 Ranged Weapons
 + Level 5.3 Throwing
 + Level 5.3 Armour
 + Level 7.1 Dodging
 + Level 5.9 Stealth
 + Level 5.3 Shields
 + Level 5.3 Unarmed Combat
 + Level 5.3 Spellcasting
 + Level 4.4 Conjurations
 + Level 4.4 Hexes
 + Level 4.4 Summonings
 + Level 4.4 Necromancy
 + Level 4.4 Translocations
 + Level 4.4 Transmutations
 + Level 4.4 Fire Magic
 + Level 4.4 Ice Magic
 + Level 4.4 Air Magic
 + Level 4.4 Earth Magic
 + Level 4.4 Poison Magic
 + Level 5.9 Invocations
 + Level 5.3 Evocations
 + Level 4.9 Shapeshifting


You had 5 spell levels left.
You knew the following spells:

 Your Spells              Type           Power      Damage    Failure   Level
a - Summon Ice Beast      Ice/Summ       9%         N/A       38%         4
f - Dimensional Bullseye  Hex/Tloc       4%         N/A       38%         4
s - Poisonous Vapours     Pois/Air       18%        N/A       5%          2
w - Olgreb's Toxic Radia  Pois           9%         N/A       38%         4

Your spell library contained the following spells:

 Spells                   Type           Power      Damage    Failure   Level
 Slow                     Hex            36%        N/A       3%          1
 Sting                    Tmut/Pois      36%        1d4       3%          1
 Confusing Touch          Hex            9%         N/A       12%         3
 Hailstorm                Conj/Ice       9%         3d4       12%         3
 Sigil of Binding         Hex            9%         N/A       12%         3
 Tukima's Dance           Hex            9%         N/A       12%         3
 Vampiric Draining        Necr           9%         2d6       12%         3
 Iskenderun's Mystic Bla  Conj/Tloc      9%         2d4       38%         4
 Simulacrum               Ice/Necr       4%         N/A       100%        6


Dungeon Overview and Level Annotations

Branches:
Dungeon (9/15)             Temple (1/1) D:7
   Lair: D:8-11         Orc: D:9-12

Altars:
Cheibriados
Dithmenos
Elyvilon
Fedhas
Gozag
Hepliaklqana
Kikubaaqudgha
Makhleb
Nemelex Xobeh
Qazlal
Ru
Sif Muna
Trog
Uskayaw
Vehumet
Wu Jian
Xom
Yredelemnul
Zin
The Shining One


Innate Abilities, Weirdness & Mutations

You have very sharp teeth.
Your uncanny sense of smell can sniff out nearby items.
Your experience applies equally to all skills.
Potions are less effective at restoring your health.
Your spells are a little easier to cast, but a little less powerful.


Message History

Unknown command.
Cast which spell? (? or * to list)
You miscast Summon Ice Beast.
You are very lightly contaminated with residual magic.
Nothing appears to happen.
Casting: Summon Ice Beast (dangerous; 38% risk of failure)
Confirm with . or Enter, or press ? or * to list all spells.
A chill wind blows around you.
The shadow slips into darkness.
The shadow flickers and vanishes!
Deactivating autopickup; reactivate with Ctrl-A.
Okay, then.
Unknown command.
Unknown command.
Your system partially rejects the healing.
You feel much better.
The shadow strikes at you from the darkness!
* * * LOW HITPOINT WARNING * * *
Reactivating autopickup.
Your ice beast closely misses the shadow.
You closely miss the shadow.
The shadow is lightly damaged.
The shadow slips into darkness.
The shadow flickers and vanishes!
Deactivating autopickup; reactivate with Ctrl-A.
Your ice beast hits something.
Your ice beast freezes something.
Your system partially rejects the healing.
You feel much better.
The shadow strikes at you from the darkness!
* * * LOW HITPOINT WARNING * * *
Reactivating autopickup.
Your ice beast closely misses the shadow.
As you read the scroll of teleportation {@r3}, it crumbles to dust.
You feel strangely unstable.
The shadow slips into darkness.
The shadow flickers and vanishes!
Deactivating autopickup; reactivate with Ctrl-A.
Your ice beast hits something.
Your ice beast freezes something.
The shadow strikes at you from the darkness!
You die...

#.# #.# #.# #.#
#.#### #.#
#.###.## #....#
#.# #.......
####.# #.#
#####.#. #.# #.#
#... #.# #.#
#... #.#
######.# #...
#.# #..>Y..#
#... #.#
#@###### #...
#.# #.# ####
#.#####.#
#.......#
#######.# ####.#
#....# ###
#.##.###.##
##.##.##.#.#####


You could see a friendly ice beast (summoned).

Vanquished Creatures
  Pikel (D:4)
  A manticore (D:6)
  Joseph (D:7)
  Grinder (D:5)
  Prince Ribbit (D:7)
  Sigmund (D:5)
  A yak (D:6)
  Edmund (D:5)
  An orc warrior (D:8)
  4 ice beasts
  A black bear (D:5)
  2 ogres
  2 centaurs (D:6)
  4 lemures (D:4)
  A kobold brigand (D:4)
  A bullfrog (D:7)
  2 scorpions
  5 wights
  3 killer bees (D:7)
  7 howler monkeys
  4 jellies
  Crazy Yiuf (D:7)
  2 orc priests
  2 hounds
  A sleepcap (D:7)
  5 iguanas
  7 orc wizards
  8 gnolls
  7 adders
  A shadow imp (D:8)
  3 dart slugs
  27 orcs
  7 ball pythons
  2 bats (D:1)
  4 endoplasms
  4 giant cockroaches
  6 goblins
  5 hobgoblins
  7 kobolds
  3 quokkas
  2 frilled lizards
  An orc zombie (D:9)
  8 rats
158 creatures vanquished.

Notes
Turn   | Place    | Note
-------+----------+-------------------------------------------
     0 | D:1      | Forgeling the Gnoll Hunter began the quest for the Orb.
     0 | D:1      | Reached XP level 1. HP: 20/20 MP: 1/1
    82 | D:1      | Reached XP level 2. HP: 26/26 MP: 2/2
   337 | D:1      | Reached XP level 3. HP: 31/31 MP: 3/3
  1039 | D:2      | Reached skill level 1 in Invocations
  1139 | D:2      | Reached skill level 1 in Short Blades
  1139 | D:2      | Reached skill level 1 in Long Blades
  1139 | D:2      | Reached skill level 1 in Axes
  1139 | D:2      | Reached skill level 1 in Maces & Flails
  1139 | D:2      | Reached skill level 1 in Polearms
  1139 | D:2      | Reached skill level 1 in Staves
  1139 | D:2      | Reached skill level 1 in Throwing
  1139 | D:2      | Reached skill level 1 in Armour
  1139 | D:2      | Reached skill level 1 in Shields
  1139 | D:2      | Reached skill level 1 in Unarmed Combat
  1139 | D:2      | Reached skill level 1 in Spellcasting
  1139 | D:2      | Reached skill level 1 in Evocations
  1230 | D:3      | Reached skill level 1 in Shapeshifting
  1230 | D:3      | Reached XP level 4. HP: 38/38 MP: 5/5
  1505 | D:3      | Found a radiant altar of Vehumet.
  1634 | D:3      | Noticed a scorpion
  1640 | D:3      | Killed a scorpion
  1641 | D:3      | Reached skill level 1 in Conjurations
  1641 | D:3      | Reached skill level 1 in Hexes
  1641 | D:3      | Reached skill level 1 in Summonings
  1641 | D:3      | Reached skill level 1 in Necromancy
  1641 | D:3      | Reached skill level 1 in Translocations
  1641 | D:3      | Reached skill level 1 in Transmutations
  1641 | D:3      | Reached skill level 1 in Fire Magic
  1641 | D:3      | Reached skill level 1 in Ice Magic
  1641 | D:3      | Reached skill level 1 in Air Magic
  1641 | D:3      | Reached skill level 1 in Earth Magic
  1641 | D:3      | Reached skill level 1 in Poison Magic
  1641 | D:3      | Reached XP level 5. HP: 38/43 MP: 5/7
  2485 | D:4      | Reached XP level 6. HP: 49/50 MP: 8/8
  2717 | D:4      | Reached skill level 5 in Fighting
  2717 | D:4      | Reached skill level 5 in Dodging
  2730 | D:4      | Identified the +4 dagger "Cosolabu" {heavy, Fragile Str+4
                  | SInv}
  3011 | D:4      | Noticed Pikel
  3287 | D:4      | Reached XP level 7. HP: 56/56 MP: 10/10
  3509 | D:5      | Entered Level 5 of the Dungeon
  3608 | D:5      | Found a white marble altar of Elyvilon.
  3688 | D:5      | Noticed Grinder
  3711 | D:5      | Noticed Sigmund
  3726 | D:5      | Killed Sigmund
  3727 | D:5      | Reached skill level 9 in Ranged Weapons
  3949 | D:5      | Reached XP level 8. HP: 35/63 MP: 12/12
  4346 | D:5      | Noticed Edmund
  5187 | D:6      | Noticed a yak
  5278 | D:6      | Noticed a manticore
  5457 | D:6      | Identified the staff of the Shining Light {rPois rC+++ rN+
                  | Int-4 Dex-4 Necro}
  5762 | D:6      | Noticed a manticore
  5783 | D:6      | Gained mutation: Your spells are a little easier to cast,
                  | but a little less powerful. [potion of mutation]
  5783 | D:6      | Gained mutation: Potions are less effective at restoring
                  | your health. [potion of mutation]
  5795 | D:6      | Killed a manticore
  5796 | D:6      | Reached XP level 9. HP: 55/69 MP: 15/15
  6353 | D:7      | Found an ornate altar of the Wu Jian Council.
  6437 | D:7      | Noticed Joseph
  6458 | D:7      | Reached skill level 5 in Stealth
  6581 | D:7      | Noticed Prince Ribbit
  6627 | D:7      | Killed Joseph
  6628 | D:7      | Reached skill level 5 in Invocations
  6943 | D:7      | Found a sparkling altar of Nemelex Xobeh.
  6975 | D:7      | Found a runed translucent door.
  7047 | D:7      | Noticed Crazy Yiuf
  7056 | D:7      | Killed Crazy Yiuf
  7111 | D:7      | Found a staircase to the Ecumenical Temple.
  7118 | Temple   | Entered the Ecumenical Temple
  7134 | Temple   | Became a worshipper of Cheibriados the Contemplative
  7358 | D:7      | Killed Prince Ribbit
  7706 | D:7      | Learned a level 4 spell: Dimensional Bullseye
  7711 | D:7      | Learned a level 4 spell: Olgreb's Toxic Radiance
  7716 | D:7      | Learned a level 4 spell: Summon Ice Beast
  8657 | D:4      | Killed Pikel
  8658 | D:4      | Reached skill level 5 in Short Blades
  8658 | D:4      | Reached skill level 5 in Long Blades
  8658 | D:4      | Reached skill level 5 in Axes
  8658 | D:4      | Reached skill level 5 in Maces & Flails
  8658 | D:4      | Reached skill level 5 in Polearms
  8658 | D:4      | Reached skill level 5 in Staves
  8658 | D:4      | Reached skill level 10 in Ranged Weapons
  8658 | D:4      | Reached skill level 5 in Throwing
  8658 | D:4      | Reached skill level 5 in Armour
  8658 | D:4      | Reached skill level 5 in Shields
  8658 | D:4      | Reached skill level 5 in Unarmed Combat
  8658 | D:4      | Reached skill level 5 in Spellcasting
  8658 | D:4      | Reached skill level 5 in Evocations
  8658 | D:4      | Reached XP level 10. HP: 44/77 MP: 17/17
  8949 | D:5      | Killed Grinder
  9158 | D:5      | Killed Edmund
  9441 | D:8      | Learned a level 2 spell: Poisonous Vapours
  9546 | D:8      | Reached * piety under Cheibriados
  9747 | D:8      | Found a shadowy altar of Dithmenos.
 10183 | D:9      | Noticed a two-headed ogre
 10500 | D:8      | Slain by a shadow

Illustrated notes

Levels and vault maps discovered:
D:1:      nzn_arrival_depleted_hourglass, layout_basic
D:2:      layout_basic, minmay_misc_feat_plants, grunt_decor_cap
D:3:      layout_loops_corners, nicolae_overflow_crystal_walls,
          roderic_lattice_a
D:4:      layout_basic, uniq_pikel
D:5:      layout_loops_corners, lemuel_round_altar, st_stairs_2,
          minmay_misc_feat_rugged, dk_noncrumbling_3, uniq_sigmund,
          uniq_grinder, uniq_edmund
D:6:      layout_loops_ring, kb_rosetta
D:7:      layout_loops_ring, mainiacjoe_overflow_catwalk_spiral,
          minmay_temple_entry_slanted, uniq_prince_ribbit1, uniq_joseph,
          uniq_crazy_yiuf_cottage
D:8:      layout_loops_ring, mainiacjoe_overflow_paths
D:9:      layout_roguey, hellmonk_lair_entry_icy, zombieorc2_lemuel,
          statue_in_the_mist_lemuel
Temple:   eino_wide_crystal_templ

Skill      XL: |  1  2  3  4  5  6  7  8  9 10 |
---------------+-------------------------------+-----
Invocations    | 1 2 3 4 5 |  5.9
Short Blades   | 1 2 4 5 |  5.3
Long Blades    | 1 2 4 5 |  5.3
Axes           | 1 2 4 5 |  5.3
Maces & Flails | 1 2 4 5 |  5.3
Polearms       | 1 2 4 5 |  5.3
Staves         | 1 2 4 5 |  5.3
Throwing       | 1 2 4 5 |  5.3
Armour         | 1 2 4 5 |  5.3
Shields        | 1 2 4 5 |  5.3
Unarmed Combat | 1 2 4 5 |  5.3
Spellcasting   | 1 2 4 5 |  5.3
Evocations     | 1 2 4 5 |  5.3
Shapeshifting  | 1 2 3 4 |  4.9
Conjurations   | 1 2 3 4 |  4.4
Hexes          | 1 2 3 4 |  4.4
Summonings     | 1 2 3 4 |  4.4
Necromancy     | 1 2 3 4 |  4.4
Translocations | 1 2 3 4 |  4.4
Transmutations | 1 2 3 4 |  4.4
Fire Magic     | 1 2 3 4 |  4.4
Ice Magic      | 1 2 3 4 |  4.4
Air Magic      | 1 2 3 4 |  4.4
Earth Magic    | 1 2 3 4 |  4.4
Poison Magic   | 1 2 3 4 |  4.4
Stealth        | 3 4 5 |  5.9
Fighting       | 5 6 7 |  7.1
Dodging        | 5 6 7 |  7.1
Ranged Weapons | 9 10 | 10.1

Action                     |  1- 3 |  4- 6 |  7- 9 | 10-12 || total
---------------------------+-------+-------+-------+-------++-------
  Melee: Dagger            |       |       |    22 |       ||    22
         Bite              |       |       |     4 |     2 ||     6
         Punch             |       |       |     1 |     1 ||     2
         Mace              |       |       |       |     9 ||     9
   Fire: Shortbow          |    67 |   151 |   334 |   131 ||   683
  Throw: Dart              |       |     2 |    38 |     9 ||    49
         Throwing net      |       |     1 |       |       ||     1
   Cast: Summon Ice Beast  |       |       |       |     1 ||     1
  Evoke: Wand              |       |       |     8 |       ||     8
    Use: Scroll            |     3 |     4 |     4 |     1 ||    12
         Potion            |       |       |     5 |     2 ||     7
 Armour: Leather armour    |     6 |    35 |    96 |       ||   137
         Acid dragon scale |       |       |    13 |    41 ||    54
  Dodge: Dodged            |    11 |    72 |   213 |    59 ||   355

Table legend: (Time is in decaauts)
 A = Elapsed time spent in this place.
 B = Non-inter-level travel time spent in this place.
 C = Inter-level travel time spent in this place.
 D = Time resting spent in this place.
 E = Time spent auto-exploring this place.
 F = Levels seen in this place.
 G = Mean time per level.
                   A        B        C        D        E       F      G
               +--------+--------+--------+--------+--------+-----+--------+
         Total |  11342 |  10288 |   1054 |    592 |   7775 |  10 | 1134.2 |
       Dungeon |  11305 |  10285 |   1020 |    592 |   7775 |   9 | 1256.1 |
        Temple |     36 |      2 |     34 |      0 |      0 |   1 |   36.0 |
               +--------+--------+--------+--------+--------+-----+--------+

Top non-repeatable levels by time:
     D:4: 2373 daAuts
     D:5: 1942 daAuts
     D:7: 1621 daAuts
     D:8: 1475 daAuts
     D:6: 1397 daAuts
     D:3: 1279 daAuts
     D:1: 610 daAuts
     D:2: 588 daAuts
  Temple: 36 daAuts
     D:9: 17 daAuts
